 Dungeon Crawl Stone Soup version 0.30-b1-2-g02819fbbbe (webtiles) character file.

Game seed: 1945415580837883441

489 nai the Cleaver (level 6, -2/56 HPs)
             Began as a Minotaur Fighter on Dec 30, 2023.
             Was an Initiate of Okawaru.
             Slain by an orc
             ... wielding a +0 trident
              (7 damage)
             ... on level 4 of the Dungeon.
             The game lasted 00:03:35 (2388 turns).

nai the Cleaver (Minotaur Fighter)                  Turns: 2388, Time: 00:03:36

Health: -2/56      AC:  6    Str: 22    XL:     6   Next: 90%
Magic:  14/14      EV:  8    Int:  5    God:    Okawaru [......]
Gold:   197        SH:  8    Dex: 10    Spells: 5/5 levels left

rFire   + . .        p - +10 whip "Dragon's Peril" {venom, *Noise rF+ rC+ MP+9}
rCold   + . .        g - +0 kite shield
rNeg    . . .        b - +0 scale mail
rPois   .            (helmet restricted)
rElec   .            (no cloak)
rCorr   .            (no gloves)
SInv    .            (no boots)
Will    .....        (no amulet) Stlth
                     (no ring)
HPRegen 0.29/turn    (no ring)
MPRegen 0.14/turn

%: no passive effects
@: mighty
A: horns 2, retaliatory headbutt
a: Renounce Religion


You were on level 4 of the Dungeon.
You worshipped Okawaru.
Okawaru was noncommittal.
You visited 1 branch of the dungeon, and saw 4 of its levels.

You collected 197 gold pieces.

Inventory:

Hand Weapons
 a - a +0 war axe
 p - the +10 whip "Dragon's Peril" (weapon) {venom, *Noise rF+ rC+ MP+9}
   (You took it off a kobold on level 3 of the Dungeon)

   rF:        It protects you from fire.
   rC:        It protects you from cold.
   MP:        It affects your magic capacity (+9).
   *Noise:    It may make noises in combat.
Missiles
 r - a throwing net (quivered)
Armour
 b - a +0 scale mail (worn)
 c - a +0 buckler
 g - a +0 kite shield (worn)
Jewellery
 i - a +6 ring of dexterity
 n - a ring of magical power
Scrolls
 e - 3 scrolls of teleportation {unknown}
 k - a scroll of amnesia {unknown}
 m - a scroll of immolation {unknown}
 o - a scroll of noise {unknown}
 t - a scroll of silence {unknown}
Potions
 f - a potion of attraction {unknown}
 h - a potion of ambrosia {unknown}
 j - a potion of berserk rage {unknown}
 l - a potion of resistance {unknown}
 q - a potion of heal wounds {unknown}
 s - a potion of brilliance {unknown}


   Skills:
 + Level 5.0 Fighting
 + Level 8.4 Axes
 - Level 3.6 Armour
 - Level 3.6 Shields


You had 5 spell levels left.
You didn't know any spells.
Your spell library contained the following spells:

 Spells                   Type           Power      Damage    Failure   Level
 Sting                    Tmut/Pois      0%         1d3       97%         1
 Poisonous Vapours        Pois/Air       0%         N/A       99%         2
 Olgreb's Toxic Radiance  Pois           0%         N/A       100%        4


Dungeon Overview and Level Annotations

Branches:
Dungeon (4/15)
 Temple: D:4-7

Altars:
Okawaru

Shops:
D:1 =   D:3 [


Innate Abilities, Weirdness & Mutations

You have a pair of horns on your head.
You reflexively headbutt those who attack you in melee.


Message History

You whack the orc wizard!
You kill the orc wizard!
Okawaru accepts your kill. Something hits you but does no damage.
The orc barely misses you. Ijyb hits you but does no damage.
You whack the orc!
You kill the orc!
Okawaru accepts your kill. The orc hits you but does no damage.
Something hits you.
Ijyb screams, "Die!"
Ijyb hits you but does no damage. The orc hits you with a +0 trident!
Something hits you. Ijyb hits you but does no damage.
Items here: )) [[ †.
You whack Ijyb!
Ijyb is moderately wounded.
The orc closely misses you. Something hits you.
Ijyb hits you but does no damage.
You whack Ijyb!
Ijyb is severely wounded.
The orc barely misses you. Something hits you but does no damage.
Ijyb hits you with a +0 club.
You hit Ijyb.
Ijyb is poisoned.
Ijyb is almost dead.
The orc hits you with a +0 trident.
* * * LOW HITPOINT WARNING * * *
Something hits you but does no damage. Ijyb barely misses you.
You furiously retaliate!
You headbutt Ijyb.
You kill Ijyb!
Okawaru accepts your kill.
Your Fighting skill increases to level 5!
The orc hits you from afar with a +0 trident.
* * * LOW HITPOINT WARNING * * *
Items here: ! ) / [.
You feel very mighty all of a sudden. Something hits you but does no damage.
You block the orc's attack.
You barely miss something. Your headbutt misses something. Something hits you.
* * * LOW HITPOINT WARNING * * *
The orc hits you from afar with a +0 trident!
You die...

........#............ ..
........#...........##..
........#...............#
##......#............$..#
#......# .............
#......# ...........#
#......#####.#......#
#............##{.#..####
##+##..........@.o......
#...........#..)†......
#...........##.##......
#....######....# ......
.......# ###### .....
####>..# ..... #...# ..?.
##### #.#.


You could see an orc.

Vanquished Creatures
  Grinder (D:3)
  Sigmund (D:3)
  Ijyb (D:4)
  An orc wizard (D:4)
  3 adders
  2 worms (D:2)
  A dart slug (D:3)
  An orc (D:4)
  5 endoplasms
  2 giant cockroaches
  9 goblins
  3 hobgoblins (D:1)
  3 quokkas
  6 ball pythons
  4 bats (D:1)
  6 frilled lizards
  5 kobolds
  8 rats
62 creatures vanquished.

Notes
Turn   | Place    | Note
-------+----------+-------------------------------------------
     0 | D:1      | nai the Minotaur Fighter began the quest for the Orb.
     0 | D:1      | Reached XP level 1. HP: 19/19 MP: 0/0
    93 | D:1      | Reached skill level 3 in Axes
    98 | D:1      | Reached XP level 2. HP: 23/26 MP: 1/1
   131 | D:1      | Found Cirghufo's Jewellery Emporium.
   325 | D:1      | Reached skill level 4 in Axes
   426 | D:1      | Reached XP level 3. HP: 31/31 MP: 2/2
  1158 | D:2      | Identified the +6 glaive "Ilino" {holy, rPois rC+ Str-3}
  1265 | D:2      | Reached skill level 5 in Axes
  1468 | D:3      | Noticed Grinder
  1480 | D:3      | Killed Grinder
  1481 | D:3      | Reached skill level 7 in Axes
  1481 | D:3      | Reached XP level 4. HP: 19/39 MP: 3/3
  1481 | D:3      | Reached XP level 5. HP: 22/45 MP: 4/4
  1671 | D:3      | Found Fynump's Armour Shoppe.
  1674 | D:3      | Identified the +10 whip "Dragon's Peril" {venom, *Noise rF+
                  | rC+ MP+9}
  1806 | D:3      | Reached XP level 6. HP: 51/51 MP: 5/5
  2051 | D:3      | Noticed Sigmund
  2063 | D:3      | Killed Sigmund
  2064 | D:3      | Reached skill level 8 in Axes
  2272 | D:3      | Found an iron altar of Okawaru.
  2282 | D:3      | Became a worshipper of Warmaster Okawaru
  2370 | D:4      | Noticed Ijyb
  2385 | D:4      | Killed Ijyb
  2386 | D:4      | Reached skill level 5 in Fighting
  2388 | D:4      | Slain by an orc

Illustrated notes

Levels and vault maps discovered:
D:1:      denvon_arrival_hothouse, layout_rooms, serial_shops,
          nicolae_shop_tiny_waterfront
D:2:      layout_basic, kennysheep_small_spiral
D:3:      layout_basic, mainiacjoe_overflow_alcove_4, serial_shops, shop,
          eino_tiny_chamber, uniq_sigmund, uniq_grinder
D:4:      layout_basic, minmay_temple_entry_large_hall, serial_shops,
          nicolae_shop_peninsula, nicolae_shop_tiny_waterfront,
          gammafunk_ghost_cemetery, uniq_ijyb

Skill      XL: |  1  2  3  4  5  6 |
---------------+-------------------+-----
Axes           | 3 4 7 8 |  8.4
Fighting       | 5 |  5.0
Armour         | |  3.6
Shields        | |  3.6

Action                     |  1- 3 |  4- 6 || total
---------------------------+-------+-------++-------
  Melee: War axe           |   114 |     9 ||   123
         Headbutt          |    15 |     2 ||    17
         Whip              |       |    22 ||    22
    Use: Potion            |       |     1 ||     1
 Armour: Scale mail        |    62 |    21 ||    83
  Dodge: Dodged            |    42 |    12 ||    54
  Block: Buckler           |    12 |       ||    12
         Kite shield       |    18 |     4 ||    22
